 Dungeon Crawl Stone Soup version 0.31-a0-981-geadf994542 (webtiles) character file.

Game seed: 13451374820064964417

32 Whiskey the Changeling (level 3, 0/23 HPs)
             Began as an Octopode Shapeshifter on Nov 2, 2023.
             Succumbed to an adder's poison
             ... on level 3 of the Dungeon.
             The game lasted 00:01:21 (795 turns).

Whiskey the Changeling (Octopode Shapeshifter)       Turns: 795, Time: 00:01:21

Health: 0/23       AC:  1    Str: 13    XL:     3   Next: 25%
Magic:  3/3        EV: 13    Int: 14    God:
Gold:   166        SH:  0    Dex: 11    Spells: 2/2 levels left

rFire   . .          .
                       - Unarmed
rCold   . . .        (no shield)
rNeg    . . .        (helmet currently unavailable)
rPois   .            (no amulet)
rElec   .            (no ring)
rCorr   .            (no ring)
SInv    .            (no ring)
Will    .....        (no ring)
Stlth   ++           (no ring)
HPRegen 0.23/turn    (no ring)
MPRegen 0.08/turn    (no ring)
                     (no ring)

%: no passive effects
@: lethally poisoned (0 -> -9), beast-form
A: beast (slay +2), almost no armour, amphibious, 8 rings, camouflage 1,
gelatinous body 1, (nimble swimmer 1), tentacles
a: Begin Untransformation


You were on level 3 of the Dungeon.
You were a hulking beast.
You visited 1 branch of the dungeon, and saw 4 of its levels.

You collected 166 gold pieces.

Inventory:

Talismans
 b - a beast talisman
 c - a flux talisman
Scrolls
 d - a scroll of vulnerability {unknown}
 f - a scroll of enchant weapon {unknown}
 g - a scroll of acquirement {unknown}
 h - a scroll of teleportation {unknown}
 i - a scroll of fear {unknown}
Potions
 a - a potion of lignification {!q}
 e - a potion of curing {unknown}


   Skills:
 - Level 1.0 Fighting
 - Level 2.0 Dodging
 - Level 3.0 Unarmed Combat
 * Level 4.1 Shapeshifting


You had 2 spell levels left.
You didn't know any spells.
Your spell library was empty.

Dungeon Overview and Level Annotations

Branches:
Dungeon (4/15)
 Temple: D:4-7

Altars:

Shops:
D:2 [

Annotations:
D:3 Natasha


Innate Abilities, Weirdness & Mutations

You are a hulking beast.
Your limbs bulge with bestial killing power. (Slay +2)
You cannot wear most types of armour.
You are amphibious.
You can wear up to eight rings at the same time.
Your skin changes colour to match your surroundings (Stealth+).
Your rubbery body absorbs attacks. (AC +1, EV +1)
((You are camouflaged when in or above water. (Stealth+)))
You have tentacles for arms and can constrict up to eight enemies at once.


Message History

You now have 101 gold pieces (gained 15).
Found an escape hatch in the ceiling.
No target in view!
You now have 108 gold pieces (gained 7).
A rat comes into view.
You tentacle-slap the rat. You grab the rat. You constrict the rat.
You kill the rat!
No target in view!
No target in view!
No target in view!
No target in view!
No target in view!
No target in view!
No target in view!
No target in view!
No target in view!
You now have 122 gold pieces (gained 14).
You now have 139 gold pieces (gained 17).
Found a stone staircase leading down.
There is a stone staircase leading down here.
Found a stone staircase leading up.
There is a stone staircase leading up here.
A kobold comes into view. It is wielding a +0 dagger.
The kobold hits you with a +0 dagger.
You take 2 damage, and have 21/23 hp.
You tentacle-slap the kobold but do no damage.
Your grab misses the kobold. The kobold barely misses you.
You closely miss the kobold. You grab the kobold. You constrict the kobold.
The kobold closely misses you.
You tentacle-slap the kobold but do no damage.
You squeeze the kobold.
You kill the kobold!
No target in view!
No target in view!
No target in view!
No target in view!
No target in view!
A kobold comes into view. It is wielding a +0 short sword.
The kobold shouts!
Things that are here:
a +0 dagger; 2 stones; Health restored: 23 The kobold closely misses you.
You tentacle-slap the kobold. You grab the kobold.
You constrict the kobold, but do no damage.
The kobold misses you.
You tentacle-slap the kobold.
You kill the kobold!
No target in view!
No target in view!
No target in view!
No target in view!
No target in view!
No target in view!
No target in view!
You now have 153 gold pieces (gained 14).
Found Wiheitue's Antique Armour Boutique.
No target in view!
A malevolent force fills the Dungeon...
You fall into a shaft and drop 2 floors!
The shaft crumbles and collapses.
You now have 166 gold pieces (gained 13).
Found a stone staircase leading up.
There is a stone staircase leading up here.
You climb upwards.
Found 10 gold pieces and a scale mail.
Found a stone staircase leading up.
There is a stone staircase leading down here.
The helpless adder fails to defend itself.
You tentacle-slap the adder. You grab the adder. You constrict the adder.
The adder bites you.
You are poisoned.
The adder poisons you! Natasha claws you.
You take 6 damage, and have 17/23 hp.
MASSIVE DAMAGE!!
You tentacle-slap the adder. You constrict the adder.
You feel sick. The adder bites you.
You are more poisoned.
The adder poisons you! The adder bites you. Natasha claws you!
* * * LOW HITPOINT WARNING * * *
You are too injured to fight recklessly!
You are too injured to fight recklessly!
You take 14 damage, and have 3/23 hp.
MASSIVE DAMAGE!!
You are too injured to fight recklessly!
You are too injured to fight recklessly!
You are too injured to fight recklessly!
You are too injured to fight recklessly!
You are too injured to fight recklessly!
You are too injured to fight recklessly!
You are too injured to fight recklessly!
You are too injured to fight recklessly!
You are too injured to fight recklessly!
You are too injured to fight recklessly!
You are too injured to fight recklessly!
You are too injured to fight recklessly!
You are too injured to fight recklessly!
You are too injured to fight recklessly!
You barely miss the adder. You constrict the adder.
* * * LOW HITPOINT WARNING * * *
You feel sick. The adder misses you.
You take 2 damage, and have 1/23 hp.
You barely miss the adder. You constrict the adder.
You die...

##+##
##<[.##
##.....##
##....$..##
#...Sh....#
+....h....+
#....>....#
##.......##
##.....##
##...##
##+##


You could see Natasha and an adder.

Vanquished Creatures
  6 endoplasms (D:1)
  A giant cockroach (D:1)
  5 goblins (D:1)
  3 hobgoblins (D:1)
  4 kobolds
  2 ball pythons (D:1)
  A bat (D:1)
  2 frilled lizards
  6 rats
30 creatures vanquished.

Notes
Turn   | Place    | Note
-------+----------+-------------------------------------------
     0 | D:1      | Whiskey the Octopode Shapeshifter began the quest for the
                  | Orb.
     0 | D:1      | Reached XP level 1. HP: 13/13 MP: 1/1
   108 | D:1      | Reached XP level 2. HP: 13/18 MP: 2/2
   228 | D:1      | Reached XP level 3. HP: 19/23 MP: 3/3
   264 | D:1      | Reached skill level 4 in Shapeshifting
   753 | D:2      | Found Wiheitue's Antique Armour Boutique.
   762 | D:2      | You fall into a shaft and drop 2 floors!
   790 | D:3      | Noticed Natasha
   793 | D:3      | HP: 3/23 [Natasha (8)]
   794 | D:3      | HP: 1/23 [poisoned by an adder]
   795 | D:3      | Succumbed to an adder's poison

Illustrated notes

Levels and vault maps discovered:
D:1:      onia_arrival_pyramid, layout_rooms, nicolae_titane
D:2:      layout_loops_ring, serial_shops, nicolae_shop_overgrown_old_shop,
          minmay_quadrilaterals
D:3:      layout_loops_corners, serial_shops, shop, uniq_ijyb, uniq_natasha,
          uniq_robin
D:4:      layout_loops_ring

Skill      XL: |  1  2  3 |
---------------+----------+-----
Shapeshifting  | 4 |  4.1
Fighting       | |  1.0
Dodging        | |  2.0
Unarmed Combat | |  3.0

Action                     || total
---------------------------++-------
  Melee: Unarmed           ||    55
         Constrict         ||    12
         Tentacles         ||     6
   Stab: Sleeping          ||     6
 Armour: Skin              ||    20
  Dodge: Dodged            ||    32

Table legend: (Time is in decaauts)
 A = Elapsed time spent in this place.
 B = Non-inter-level travel time spent in this place.
 C = Inter-level travel time spent in this place.
 D = Time resting spent in this place.
 E = Time spent auto-exploring this place.
 F = Levels seen in this place.
 G = Mean time per level.
                   A        B        C        D        E       F      G
               +--------+--------+--------+--------+--------+-----+--------+
         Total |    791 |    756 |     35 |      0 |    612 |   4 |  197.8 |
       Dungeon |    791 |    756 |     35 |      0 |    612 |   4 |  197.8 |
               +--------+--------+--------+--------+--------+-----+--------+

Top non-repeatable levels by time:
     D:1: 580 daAuts
     D:2: 178 daAuts
     D:4: 27 daAuts
     D:3: 4 daAuts

Levels and vault maps discovered:
D:1:      onia_arrival_pyramid, layout_rooms, nicolae_titane
D:2:      layout_loops_ring, serial_shops, nicolae_shop_overgrown_old_shop,
          minmay_quadrilaterals
D:3:      layout_loops_corners, serial_shops, shop, uniq_ijyb, uniq_natasha,
          uniq_robin
D:4:      layout_loops_ring

Table legend: (Time is in decaauts)
 A = Elapsed time spent in this place.
 B = Non-inter-level travel time spent in this place.
 C = Inter-level travel time spent in this place.
 D = Time resting spent in this place.
 E = Time spent auto-exploring this place.
 F = Levels seen in this place.
 G = Mean time per level.
                   A        B        C        D        E       F      G
               +--------+--------+--------+--------+--------+-----+--------+
         Total |    791 |    756 |     35 |      0 |    612 |   4 |  197.8 |
       Dungeon |    791 |    756 |     35 |      0 |    612 |   4 |  197.8 |
               +--------+--------+--------+--------+--------+-----+--------+

Top non-repeatable levels by time:
     D:1: 580 daAuts
     D:2: 178 daAuts
     D:4: 27 daAuts
     D:3: 4 daAuts

Table legend:
 A = Kills in this place as a percentage of kills in the entire game.
 B = Kills by you in this place as a percentage of kills by you in the entire game.
 C = Kills by friends in this place as a percentage of kills by friends in the entire game.
 D = Other kills in this place as a percentage of other kills in the entire game.
 E = Experience gained in this place as a percentage of experience gained in the entire game.
 F = Experience gained in this place divided by the number of levels of this place that you have seen.
                   A       B       C       D       E      F
               +-------+-------+-------+-------+-------+----------------------
         Total | 100.0 | 100.0 |   N/A |   N/A | 100.0 |  11.5
       Dungeon | 100.0 | 100.0 |   N/A |   N/A | 100.0 |  11.5
               +-------+-------+-------+-------+-------+----------------------
